 Dungeon Crawl Stone Soup version 0.29-a0-620-g13ace881f2 (webtiles) character file.

Game seed: 11012514200279420454

5421 IdlyInterested the Basher (level 10, -8/74 HPs)
             Began as a Demonspawn Fighter on June 18, 2022.
             Mangled by Gastronok (21 damage)
             ... on level 8 of the Dungeon.
             The game lasted 00:34:28 (9102 turns).

IdlyInterested the Basher (Demonspawn Fighter)      Turns: 9102, Time: 00:34:29

Health: -8/74      AC: 24    Str: 16    XL:     10   Next: 40%
Magic:  11/11      EV:  4    Int: 10    God:
Gold:   982        SH:  0    Dex: 17    Spells: 11/11 levels left

rFire   + . .      SeeInvis .   A - +1 demon whip (elec)
rCold   . . .      Faith    .   o - +0 kite shield
rNeg    . . .      Spirit   .   l - +0 plate armour
rPois   .          Reflect  .   a - +0 hat
rElec   .          Harm     .   J - +1 cloak
rCorr   .          Rampage  .   (no gloves)
Will    .....                   H - +2 pair of boots {Fly}
Stlth   ..........              (no amulet)
HPRegen 0.22/turn               v - +4 ring of protection
MPRegen 0.12/turn               C - ring of protection from fire

@: confused, flying
A: molten scales 2, ignite blood 2, powered by death 2
a: no special abilities


You were on level 8 of the Dungeon.
You visited 2 branches of the dungeon, and saw 9 of its levels.
You also visited: Bailey.

You collected 982 gold pieces.

Inventory:

Hand Weapons
 d - a +0 morningstar
 x - a +6 great mace
 A - a +1 demon whip of electrocution (weapon)
 E - a +0 hand axe of flaming
Missiles
 e - 4 javelins
 h - 2 datura-tipped darts
 i - 12 poisoned darts
 k - 209 stones
 s - 2 atropa-tipped darts
 t - 12 silver javelins
 y - 31 boomerangs (quivered)
Armour
 a - a +0 hat (worn)
 c - a +0 buckler
 l - a +0 plate armour (worn)
 m - the +1 leather armour of Sif Muna's Pride {rN+ MP-9 Str+5}
   (You found it on level 2 of the Dungeon)

   Str:       It affects your strength (+5).
   rN:        It protects you from negative energy.
   MP:        It affects your magic capacity (-9).
 o - a +0 kite shield (worn)
 u - a +0 leather armour of poison resistance
 D - a +1 ring mail of fire resistance
 H - a +2 pair of boots of flying (worn)
 J - a +1 cloak (worn)
Magical Staves
 p - a staff of cold
Jewellery
 v - a +4 ring of protection (left hand)
 C - a ring of protection from fire (right hand)
Wands
 r - a wand of light (18)
 w - a wand of flame (16)
 B - a wand of digging (14)
Scrolls
 f - a scroll of immolation
 n - a scroll of blinking
 G - 3 scrolls of fog
 I - 4 scrolls of teleportation
Potions
 b - a potion of heal wounds
 g - a potion of ambrosia
 j - 3 potions of curing
 z - a potion of mutation
 K - 3 potions of flight


   Skills:
 - Level 5.0 Fighting
 * Level 12.1 Maces & Flails
 - Level 2.0 Throwing
 * Level 4.2 Armour
 - Level 4.0 Dodging
 + Level 1.9 Stealth
 - Level 2.6 Shields
 - Level 1.0 Spellcasting
 - Level 1.0 Invocations
 - Level 2.0 Evocations


You had 11 spell levels left.
You didn't know any spells.
Your spell library contained the following spells:

 Spells                   Type           Power      Damage    Failure   Level
 Ensorcelled Hibernation  Hex/Ice        0%         N/A       100%        2
 Passwall                 Tmut/Erth      0%         N/A       100%        2
 Summon Guardian Golem    Hex/Summ       0%         N/A       100%        3
 Swiftness                Air            0%         N/A       100%        3
 Olgreb's Toxic Radiance  Pois           0%         N/A       100%        4
 Orb of Destruction       Conj           0%         9d5       100%        7
 Ozocubu's Refrigeration  Ice            0%         4d5       100%        7
 Spellforged Servitor     Conj/Summ      0%         N/A       100%        7
 Ignition                 Fire           0%         3d3       100%        8


Dungeon Overview and Level Annotations

Branches:
Dungeon (8/15)             Temple (1/1) D:6          Bailey (visited)
   Lair: D:8-11

Altars:
Ashenzari
Cheibriados
Dithmenos
Elyvilon
Fedhas
Gozag
Hepliaklqana
Kikubaaqudgha
Makhleb
Nemelex Xobeh
Okawaru
Qazlal
Ru
Sif Muna
Trog
Uskayaw
Vehumet
Wu Jian
Xom
Yredelemnul
Zin
The Shining One

Annotations:
D:8 Gastronok


Innate Abilities, Weirdness & Mutations

You are mostly covered in molten scales. (AC +3)
Your demonic aura often causes spilled blood to erupt in flames.
You regenerate health from kills.


Message History

The ice beast hits you but does no damage.
Gastronok barely misses you.
You closely miss Gastronok.
Gastronok is moderately wounded.
The bullfrog hits you but does no damage.
The ice beast hits you but does no damage.
You barely miss Gastronok.
Gastronok is moderately wounded.
The bullfrog hits you but does no damage.
You barely miss Gastronok.
Gastronok is moderately wounded.
The bullfrog barely misses you.
The ice beast hits you but does no damage.
The orc priest calls down the wrath of Beogh upon you.
Beogh smites you! Gastronok bites you.
You hear a shout!
You closely miss the bullfrog.
The bullfrog hits you but does no damage.
The orc wizard gestures at you while chanting.
You are more confused.
The ice beast hits you but does no damage.
You whack Gastronok!
Gastronok is moderately wounded.
The bullfrog hits you.
Unknown command.
The bullfrog barely misses you.
The ice beast hits you but does no damage.
Gastronok bites you but does no damage. The bullfrog hits you.
An orc priest comes into view. It is wielding a +0 flail.
The ice beast hits you. The ice beast freezes you!
The bullfrog hits you but does no damage.
You hit the bullfrog.
The bullfrog is lightly wounded.
The bullfrog hits you but does no damage.
The ice beast hits you. The ice beast freezes you!
The orc priest invokes the aid of Beogh against you.
Beogh smites you!
* * * LOW HITPOINT WARNING * * *
Gastronok bites you!!
You die...

##### ##...##
# ##.....##.#
##..8......#
#.......#
#.wY<...#
#..@o...#
#...8Fo.8.#
#......o..#
#.........#
#.......o.#
#.........o.
#............
#......?..##.


You could see Gastronok, an ice beast, a bullfrog, 3 orc priests, an orc wizard
and an orc.

Vanquished Creatures
  A two-headed ogre (D:7)
  Prince Ribbit (D:6)
  Eustachio (D:6)
  6 orc warriors (Bailey)
  5 sky beasts
  A black bear (D:7)
  6 ogres
  5 centaurs
  A kobold brigand (D:7)
  6 necrophages
  A gnoll sergeant (D:5)
  3 scorpions
  5 wights (D:6)
  5 killer bees (D:6)
  3 electric eels (D:3)
  A jelly (D:5)
  A gnoll shaman (D:7)
  3 orc priests
  Crazy Yiuf (D:2)
  A hound (D:4)
  Jessica (D:3)
  3 iguanas
  4 orc wizards
  6 gnolls
  9 adders
  A shadow imp (D:6)
  An ufetubus (D:5)
  A worm (D:4)
  3 dart slugs
  18 orcs
  8 ball pythons
  5 endoplasms
  5 giant cockroaches
  5 goblins
  12 hobgoblins
  2 jackals (D:4)
  6 quokkas
  5 bats
  27 kobolds
  3 rats
182 creatures vanquished.

Vanquished Creatures (collateral kills)
  The ghost of SuperHamster the Jinx, a novice OpCj of Gozag (D:7)
  An orc priest (D:4)
  7 gnolls
  An adder (D:4)
  A worm (D:4)
  An orc (D:4)
  A ball python (D:4)
  An endoplasm (D:4)
  2 hobgoblins
16 creatures vanquished.

Vanquished Creatures (others)
  A gnoll (D:4)
  A kobold (D:3)
  A bush (D:5)
3 creatures vanquished.

Grand Total: 201 creatures vanquished

Notes
Turn   | Place    | Note
-------+----------+-------------------------------------------
     0 | D:1      | IdlyInterested the Demonspawn Fighter began the quest for
                  | the Orb.
     0 | D:1      | Reached XP level 1. HP: 18/18 MP: 1/1
    52 | D:1      | Reached skill level 2 in Maces & Flails
   207 | D:1      | Reached skill level 1 in Dodging
   207 | D:1      | Gained mutation: You are partially covered in molten
                  | scales. (AC +2) [demonic ancestry]
   207 | D:1      | Reached XP level 2. HP: 21/24 MP: 2/2
  1394 | D:2      | Found a faded altar of an unknown god.
  1433 | D:2      | Gained mutation: Your demonic aura sometimes causes spilled
                  | blood to erupt in flames. [demonic ancestry]
  1433 | D:2      | Reached XP level 3. HP: 29/29 MP: 3/3
  1444 | D:2      | Identified the +1 leather armour of Sif Muna's Pride {rN+
                  | MP-9 Str+5}
  1505 | D:2      | Found a runed translucent door.
  1506 | D:2      | Noticed Crazy Yiuf
  1690 | D:2      | Killed Crazy Yiuf
  1998 | D:3      | Reached skill level 3 in Maces & Flails
  1998 | D:3      | Gained mutation: You regenerate a little health from kills.
                  | [demonic ancestry]
  1998 | D:3      | Reached XP level 4. HP: 35/35 MP: 0/4
  2432 | D:3      | Found a transporter.
  2462 | D:3      | Reached XP level 5. HP: 41/41 MP: 0/5
  2476 | D:3      | Noticed Jessica
  2491 | D:3      | Killed Jessica
  2492 | D:3      | Reached skill level 1 in Throwing
  2502 | D:3      | Found a transporter.
  3024 | D:3      | Reached skill level 4 in Maces & Flails
  3024 | D:3      | Reached skill level 1 in Evocations
  3024 | D:3      | Reached XP level 6. HP: 21/47 MP: 0/6
  3444 | D:4      | Reached XP level 7. HP: 38/50 MP: 0/7
  3701 | D:4      | Found an ornate altar of the Wu Jian Council.
  3747 | D:5      | Entered Level 5 of the Dungeon
  3797 | D:4      | Reached skill level 5 in Maces & Flails
  3881 | D:4      | Reached skill level 6 in Maces & Flails
  4398 | D:5      | Reached skill level 7 in Maces & Flails
  4398 | D:5      | Gained mutation: Your demonic aura often causes spilled
                  | blood to erupt in flames. [demonic ancestry]
  4398 | D:5      | Reached XP level 8. HP: 58/58 MP: 0/8
  4901 | D:5      | Reached skill level 8 in Maces & Flails
  5375 | D:6      | Reached skill level 9 in Maces & Flails
  5466 | D:6      | Gained mutation: You are mostly covered in molten scales.
                  | (AC +3) [demonic ancestry]
  5466 | D:6      | Reached XP level 9. HP: 45/63 MP: 0/9
  5830 | D:6      | Noticed Prince Ribbit
  5835 | D:6      | Killed Prince Ribbit
  5836 | D:6      | Reached skill level 10 in Maces & Flails
  5870 | D:6      | Found a staircase to the Ecumenical Temple.
  5875 | Temple   | Entered the Ecumenical Temple
  6892 | D:6      | Noticed Eustachio
  6901 | D:6      | Killed Eustachio
  6902 | D:6      | Reached skill level 11 in Maces & Flails
  7154 | D:7      | Reached skill level 1 in Stealth
  7228 | D:7      | Found a transporter.
  7228 | D:7      | Found a transporter.
  7229 | D:7      | Noticed SuperHamster's ghost (novice OpCj)
  7232 | D:7      | Noticed a two-headed ogre
  7351 | D:7      | Found a flagged portal.
  7411 | Bailey   | Entered a bailey
  7456 | Bailey   | Reached skill level 1 in Invocations
  7654 | Bailey   | Reached skill level 1 in Spellcasting
  8295 | D:7      | Gained mutation: You regenerate health from kills. [demonic
                  | ancestry]
  8295 | D:7      | Reached XP level 10. HP: 71/71 MP: 11/11
  8890 | D:7      | Killed SuperHamster's ghost
  8894 | D:7      | Killed a two-headed ogre
  8895 | D:7      | Reached skill level 5 in Fighting
  8895 | D:7      | Reached skill level 12 in Maces & Flails
  9088 | D:8      | Noticed Gastronok
  9102 | D:8      | Mangled by Gastronok

Illustrated notes

Levels and vault maps discovered:
D:1:      matt_arrival_diagonals, layout_loops_cross
D:2:      layout_loops_corners, shapermc_ecumenical_altar_venn,
          uniq_crazy_yiuf_cottage
D:3:      gammafunk_steamed_eel, layout_loops_corners, minmay_joined_circles,
          uniq_jessica
D:4:      layout_cave_pools, nicolae_wu_jian_glorious_leap, nzn_random_ring
D:5:      layout_basic, kennysheep_doodads, kb_lookout_dungeons_type
D:6:      layout_cave_pools, temple_doors_e, kennysheep_generic_room_15,
          uniq_eustachio, uniq_prince_ribbit1
D:7:      layout_loops_ring, gammafunk_ghost_smash, enter_bailey_8,
          serial_rivers, chequers_serial_rivers_room_b,
          chequers_serial_rivers_room_a, chequers_serial_rivers_room_a,
          chequers_serial_rivers_small_3, chequers_serial_rivers_micro_e,
          minivault_22, kennysheep_dice
D:8:      layout_loops_corners, ebering_ghost_inner_flame,
          grunt_decor_mini_mirrors, grunt_ministairs_1, corexii_checkpoint_b,
          kennysheep_small_square, uniq_amaemon, uniq_gastronok
Temple:   mainiacjoe_temple_starburst

Skill      XL: |  1  2  3  4  5  6  7  8  9 10 |
---------------+-------------------------------+-----
Maces & Flails | 2 3 4 7 9 11 12 | 12.1
Dodging        | 1 2 3 4 |  4.0
Throwing       | 1 2 |  2.0
Armour         | 3 4 |  4.2
Evocations     | 1 2 |  2.0
Stealth        | 1 |  1.9
Invocations    | 1 |  1.0
Spellcasting   | 1 |  1.0
Fighting       | 5 |  5.0
Shields        | |  2.6

Action                   |  1- 3 |  4- 6 |  7- 9 | 10-12 || total
-------------------------+-------+-------+-------+-------++-------
Melee: Flail             |    79 |   144 |     4 |       ||   227
       Demon whip        |       |       |   362 |    37 ||   399
Throw: Dart              |       |     6 |    10 |     1 ||    17
       Stone             |       |     7 |       |       ||     7
       Boomerang         |       |       |     4 |     1 ||     5
       Javelin           |       |       |     4 |       ||     4
Evoke: Wand              |       |     6 |     3 |       ||     9
  Use: Scroll            |     4 |     6 |     6 |     1 ||    17
       Potion            |       |     1 |     4 |     2 ||     7
 Stab: Invisible         |       |       |     1 |       ||     1
Armor: Scale mail        |    29 |       |       |       ||    29
       Plate armour      |     8 |       |    46 |    38 ||    92
       Leather armour    |     4 |    56 |   130 |       ||   190
       Skin              |     3 |       |       |       ||     3
Dodge: Dodged            |    30 |   105 |   111 |     7 ||   253
Block: Buckler           |    12 |    39 |    15 |       ||    66
       Kite shield       |       |       |   101 |    12 ||   113

Table legend: (Time is in decaauts)
 A = Elapsed time spent in this place.
 B = Non-inter-level travel time spent in this place.
 C = Inter-level travel time spent in this place.
 D = Time resting spent in this place.
 E = Time spent auto-exploring this place.
 F = Levels seen in this place.
 G = Mean time per level.
                   A        B        C        D        E       F      G
               +--------+--------+--------+--------+--------+-----+--------+
         Total |   9080 |   8552 |    528 |   1793 |   4428 |  10 |  908.0 |
       Dungeon |   7873 |   7426 |    447 |   1538 |   3921 |   8 |  984.1 |
        Temple |    531 |    450 |     81 |      0 |    432 |   1 |  531.0 |
        Bailey |    675 |    675 |      0 |    255 |     75 |   1 |  675.0 |
               +--------+--------+--------+--------+--------+-----+--------+

Top non-repeatable levels by time:
     D:7: 1328 daAuts
     D:3: 1276 daAuts
     D:5: 1271 daAuts
     D:2: 1159 daAuts
     D:6: 1157 daAuts
     D:4: 864 daAuts
     D:1: 805 daAuts
  Bailey: 675 daAuts
  Temple: 531 daAuts
     D:8: 10 daAuts
